[Event "Chelyabinskiy variant-A 2021"]
[Site "Chelyabinsk"]
[Date "2021.03.28"]
[Round "7.10"]
[White "Salemgareev, Tagir"]
[Black "Suleymenov, Alisher"]
[Result "0-1"]
[ECO "A56"]
[WhiteElo "2480"]
[BlackElo "2440"]
[Annotator "ChessBase"]
[PlyCount "74"]
[EventDate "2021.03.23"]
[EventType "swiss"]
[EventCountry "RUS"]
[SourceTitle "playchess.com"]
[Source "ChessBase"]
[SourceQuality "1"]
[TimeControl "5400+30"]

1. d4 Nf6 2. c4 c5 3. d5 g6 4. Nc3 Bg7 5. e4 d6 6. Nf3 O-O 7. h3 e6 8. Bd3 Na6 9. O-O e5 10. a3 Kh8 11. Rb1 Ng8 12. Ne1 f5 13. exf5 gxf5 14. f4 Nc7 15. Nc2 e4 16. Be2 a6 17. Bd2 b5 18. b3 Bd7 19. Qc1 Ne7 20. Bd1 a5 21. Ne2 Rg8 22. Bc3 Qf8 23. Ne3 b4 24. Bxg7+ Qxg7 25. Bc2 bxa3 26. Qd1 Ng6 27. Kh2 Nh4 28. Rg1 Qh6 29. Rf1 Rg6 30. Qe1 Rag8 31. Qc3+ Qg7 32. Qxg7+ R6xg7 33. Rf2 Na6 34. Ra1 Nb4 35. Nc3 Rg3 36. Ncd1 a2 37. Ng4 fxg4 0-1

[Event "Chelyabinskiy variant-A 2021"]
[Site "Chelyabinsk"]
[Date "2021.03.28"]
[Round "7.11"]
[White "Garifullina, Leya"]
[Black "Nesterov, Arseniy"]
[Result "1/2-1/2"]
[ECO "C70"]
[WhiteElo "2375"]
[BlackElo "2476"]
[Annotator "ChessBase"]
[PlyCount "63"]
[EventDate "2021.03.23"]
[EventType "swiss"]
[EventCountry "RUS"]
[SourceTitle "playchess.com"]
[Source "ChessBase"]
[SourceQuality "1"]
[TimeControl "5400+30"]

1. e4 e5 2. Nf3 Nc6 3. Bb5 a6 4. Ba4 b5 5. Bb3 Na5 6. O-O d6 7. d4 exd4 8. Nxd4 Bb7 9. Bd2 Nxb3 10. Nxb3 Rb8 11. a4 bxa4 12. Rxa4 Nf6 13. Nc3 Be7 14. Bf4 O-O 15. e5 dxe5 16. Qxd8 Rbxd8 17. Bxe5 Nd5 18. Rc4 f6 19. Bd4 Bd6 20. Nxd5 Bxd5 21. Ra4 Rfe8 22. Be3 Bxb3 23. cxb3 Rb8 24. Rxa6 Rxb3 25. Bd4 Rd3 26. Bc3 Bc5 27. Raa1 Kf7 28. Rfe1 Re6 29. Rxe6 Kxe6 30. Kf1 Bb6 31. Ke2 Rd5 32. Ra4 1/2-1/2

[Event "Chelyabinskiy variant-A 2021"]
[Site "Chelyabinsk"]
[Date "2021.03.28"]
[Round "7.12"]
[White "Aleksandrov, Aleksej"]
[Black "Sitnikov, Anton"]
[Result "1/2-1/2"]
[ECO "A02"]
[WhiteElo "2563"]
[BlackElo "2437"]
[Annotator "ChessBase"]
[PlyCount "81"]
[EventDate "2021.03.23"]
[EventType "swiss"]
[EventCountry "RUS"]
[SourceTitle "playchess.com"]
[Source "ChessBase"]
[SourceQuality "1"]
[TimeControl "5400+30"]

1. f4 b6 2. d3 Bb7 3. e4 g6 4. Nf3 Bg7 5. Be2 e6 6. c3 Ne7 7. Be3 d6 8. Nbd2 Nd7 9. h3 e5 10. fxe5 Nxe5 11. O-O O-O 12. Qb3 h6 13. Rf2 Nxf3+ 14. Bxf3 Kh8 15. Bg4 f5 16. exf5 Nxf5 17. Bxf5 Rxf5 18. Rxf5 gxf5 19. Qf7 Qe8 20. Qxe8+ Rxe8 21. Re1 a5 22. Nf3 Kh7 23. Kf2 a4 24. a3 c5 25. Bf4 Rxe1 26. Nxe1 d5 27. Nf3 d4 28. c4 Ba6 29. Bd6 Kg6 30. Nd2 Kf7 31. Bc7 b5 32. Bd6 Bf8 33. Bxf8 Kxf8 34. Kg3 Kf7 35. Kf4 Ke6 36. g4 fxg4 37. hxg4 bxc4 38. dxc4 Kd6 39. Ne4+ Kc6 40. Nd2 Kd6 41. Ne4+ 1/2-1/2

[Event "Chelyabinskiy variant-A 2021"]
[Site "Chelyabinsk"]
[Date "2021.03.28"]
[Round "7.13"]
[White "Afanasiev, Nikita"]
[Black "Obgolts, Erik"]
[Result "1-0"]
[ECO "E91"]
[WhiteElo "2519"]
[BlackElo "2404"]
[Annotator "ChessBase"]
[PlyCount "71"]
[EventDate "2021.03.23"]
[EventType "swiss"]
[EventCountry "RUS"]
[SourceTitle "playchess.com"]
[Source "ChessBase"]
[SourceQuality "1"]
[TimeControl "5400+30"]

1. d4 Nf6 2. c4 g6 3. Nc3 Bg7 4. e4 d6 5. Nf3 O-O 6. Be2 Bg4 7. Be3 Nfd7 8. O-O e5 9. d5 a5 10. Nd2 Bxe2 11. Qxe2 f5 12. f3 Na6 13. a3 Qh4 14. Bf2 Qg5 15. Be3 Qh4 16. Rab1 Bh6 17. b4 Bxe3+ 18. Qxe3 axb4 19. axb4 c5 20. dxc6 bxc6 21. b5 Nc7 22. bxc6 Nc5 23. Nd5 f4 24. Qc3 N7e6 25. Nb3 Nxb3 26. Rxb3 Rac8 27. Rb7 Nd4 28. Qd2 Rf7 29. Rxf7 Kxf7 30. c7 g5 31. Qf2 Qh5 32. Qa2 g4 33. c5 Kg7 34. cxd6 gxf3 35. gxf3 Kh6 36. Qg2 1-0

[Event "Chelyabinskiy variant-A 2021"]
[Site "Chelyabinsk"]
[Date "2021.03.29"]
[Round "8.4"]
[White "Suleymenov, Alisher"]
[Black "Fedorov, Alexei"]
[Result "1/2-1/2"]
[ECO "E71"]
[WhiteElo "2440"]
[BlackElo "2529"]
[Annotator "ChessBase"]
[PlyCount "62"]
[EventDate "2021.03.23"]
[EventType "swiss"]
[EventCountry "RUS"]
[SourceTitle "playchess.com"]
[Source "ChessBase"]
[SourceQuality "1"]
[TimeControl "5400+30"]

1. d4 Nf6 2. c4 g6 3. Nc3 Bg7 4. e4 d6 5. h3 Nbd7 6. Be3 e5 7. d5 Nc5 8. Qc2 a5 9. g4 h5 10. g5 Nfd7 11. O-O-O O-O 12. Nf3 a4 13. Be2 c6 14. Kb1 Qa5 15. Nh4 Nb6 16. Rhg1 Bd7 17. Nf5 gxf5 18. exf5 a3 19. Bxc5 dxc5 20. f6 axb2 21. g6 Na4 22. Nxa4 Qxa4 23. Qxa4 Rxa4 24. fxg7 Bf5+ 25. Bd3 Bxd3+ 26. Rxd3 Kxg7 27. gxf7+ Kxf7 28. Rb3 cxd5 29. Rxb7+ Ke6 30. Rb6+ Kf5 31. cxd5 Rd4 1/2-1/2

[Event "Chelyabinskiy variant-A 2021"]
[Site "Chelyabinsk"]
[Date "2021.03.29"]
[Round "8.5"]
[White "Khanin, Semen"]
[Black "Shuvalova, Polina"]
[Result "1-0"]
[ECO "C92"]
[WhiteElo "2506"]
[BlackElo "2476"]
[Annotator "ChessBase"]
[PlyCount "61"]
[EventDate "2021.03.23"]
[EventType "swiss"]
[EventCountry "RUS"]
[SourceTitle "playchess.com"]
[Source "ChessBase"]
[SourceQuality "1"]
[TimeControl "5400+30"]

1. e4 e5 2. Nf3 Nc6 3. Bb5 a6 4. Ba4 Nf6 5. O-O Be7 6. Re1 b5 7. Bb3 d6 8. c3 O-O 9. h3 Re8 10. d4 Bb7 11. Nbd2 Bf8 12. a3 g6 13. Ba2 Bg7 14. b4 a5 15. d5 Ne7 16. Nb3 axb4 17. cxb4 Rc8 18. Na5 Ba8 19. a4 c6 20. dxc6 Nxc6 21. axb5 Nxb4 22. Bxf7+ Kxf7 23. Qb3+ d5 24. Qxb4 Nxe4 25. b6 Qe7 26. Rxe4 dxe4 27. Qb3+ Kf8 28. Ba3 exf3 29. b7 Bxb7 30. Nxb7 e4 31. Rd1 1-0

[Event "Chelyabinskiy variant-A 2021"]
[Site "Chelyabinsk"]
[Date "2021.03.29"]
[Round "8.8"]
[White "Petrov, Nikita"]
[Black "Girya, Olga"]
[Result "1/2-1/2"]
[ECO "C82"]
[WhiteElo "2571"]
[BlackElo "2432"]
[Annotator "ChessBase"]
[PlyCount "93"]
[EventDate "2021.03.23"]
[EventType "swiss"]
[EventCountry "RUS"]
[SourceTitle "playchess.com"]
[Source "ChessBase"]
[SourceQuality "1"]
[TimeControl "5400+30"]

1. e4 e5 2. Nf3 Nc6 3. Bb5 a6 4. Ba4 Nf6 5. O-O Nxe4 6. d4 b5 7. Bb3 d5 8. dxe5 Be6 9. c3 Bc5 10. Nbd2 O-O 11. Bc2 Nxf2 12. Rxf2 Bxf2+ 13. Kxf2 f6 14. Nf1 fxe5 15. Kg1 Qd6 16. Be3 Rad8 17. Ng3 Bg4 18. h3 e4 19. Nxe4 Bxf3 20. Nxd6 Bxd1 21. Rxd1 cxd6 22. Rxd5 Ne5 23. Bd4 Nc4 24. b3 Ne5 25. b4 Nc6 26. Bb6 Ne7 27. Rd1 Rc8 28. Rxd6 Rxc3 29. Bb3+ Rxb3 30. axb3 Nc8 31. Rc6 Nxb6 32. Rxb6 Rf4 33. Rxa6 Rxb4 34. Ra3 Kf7 35. Kf2 h5 36. Ke3 g5 37. Kd3 g4 38. Kc3 gxh3 39. gxh3 Rh4 40. Ra7+ Ke6 41. Rb7 Rxh3+ 42. Kb4 Rf3 43. Rxb5 Rf4+ 44. Kc3 h4 45. Rh5 Rf3+ 46. Kd2 Rxb3 47. Rxh4 1/2-1/2

[Event "Chelyabinskiy variant-A 2021"]
[Site "Chelyabinsk"]
[Date "2021.03.29"]
[Round "8.10"]
[White "Kosic, Dragan"]
[Black "Utegaliyev, Azamat"]
[Result "0-1"]
[ECO "A48"]
[WhiteElo "2445"]
[BlackElo "2507"]
[Annotator "ChessBase"]
[PlyCount "90"]
[EventDate "2021.03.23"]
[EventType "swiss"]
[EventCountry "RUS"]
[SourceTitle "playchess.com"]
[Source "ChessBase"]
[SourceQuality "1"]
[TimeControl "5400+30"]

1. d4 Nf6 2. Nf3 g6 3. c4 Bg7 4. Nc3 d6 5. e4 Bg4 6. Be3 Bxf3 7. Qxf3 Nfd7 8. Qd1 O-O 9. Qd2 Nc6 10. d5 Nce5 11. Be2 Nf6 12. h3 c6 13. O-O cxd5 14. exd5 a6 15. f4 Ned7 16. Rac1 Qa5 17. a3 Rfc8 18. b4 Qd8 19. Rfd1 h5 20. Bf1 Rc7 21. Rc2 Rac8 22. Rdc1 Kh7 23. Na4 b5 24. Nb6 Rb8 25. Nxd7 Qxd7 26. Bd3 e6 27. dxe6 Qxe6 28. Re1 Re7 29. Bf2 Qd7 30. Rxe7 Qxe7 31. f5 gxf5 32. Qg5 Qe5 33. Qxf5+ Kg8 34. c5 Ne8 35. c6 Nc7 36. Re2 Qxf5 37. Bxf5 Be5 38. Bd7 Kg7 39. Ba7 Ra8 40. Bb6 Nd5 41. Bf2 a5 42. bxa5 Rxa5 43. Rd2 b4 44. c7 Nxc7 45. Bb6 Rd5 0-1

[Event "Chelyabinskiy variant-A 2021"]
[Site "Chelyabinsk"]
[Date "2021.03.29"]
[Round "8.11"]
[White "Nesterov, Arseniy"]
[Black "Zarubitski, Viachaslau"]
[Result "1-0"]
[ECO "D11"]
[WhiteElo "2476"]
[BlackElo "2446"]
[Annotator "ChessBase"]
[PlyCount "117"]
[EventDate "2021.03.23"]
[EventType "swiss"]
[EventCountry "RUS"]
[SourceTitle "playchess.com"]
[Source "ChessBase"]
[SourceQuality "1"]
[TimeControl "5400+30"]

1. d4 d5 2. c4 c6 3. Nf3 Nf6 4. g3 e6 5. Bg2 Bb4+ 6. Bd2 Be7 7. O-O b6 8. Qc2 O-O 9. Rd1 Bb7 10. Bf4 Na6 11. a3 c5 12. dxc5 Nxc5 13. cxd5 exd5 14. Nc3 Rc8 15. Bh3 Ne6 16. Be5 Bd6 17. Qf5 Bxe5 18. Qxe5 Qe8 19. Nd4 Nxd4 20. Qxd4 Rc4 21. Qd3 Qe5 22. Bg2 Rfc8 23. Nxd5 Bxd5 24. Bxd5 Nxd5 25. Qxd5 Qxd5 26. Rxd5 Rc2 27. Rad1 g6 28. R5d2 h5 29. h4 a5 30. Kf1 b5 31. e3 b4 32. axb4 axb4 33. Ke2 Kg7 34. Rxc2 Rxc2+ 35. Rd2 Rc6 36. Kf3 Rf6+ 37. Kg2 Rb6 38. b3 Kf6 39. Rd4 Ke5 40. Kf3 f6 41. g4 hxg4+ 42. Rxg4 f5 43. Rd4 Rb8 44. Ke2 Kf6 45. Kd3 g5 46. hxg5+ Kxg5 47. Kc4 Rc8+ 48. Kxb4 Rc2 49. Rf4 Kf6 50. Kb5 Ke5 51. b4 Rb2 52. Kc5 Rc2+ 53. Kb6 Rb2 54. b5 Rc2 55. Kb7 Rb2 56. b6 Rc2 57. Kb8 Rb2 58. b7 Ra2 59. Rb4 1-0

[Event "Chelyabinskiy variant-A 2021"]
[Site "Chelyabinsk"]
[Date "2021.03.29"]
[Round "8.12"]
[White "Gleizerov, Evgeny"]
[Black "Harutjunyan, Gevorg"]
[Result "1/2-1/2"]
[ECO "E97"]
[WhiteElo "2468"]
[BlackElo "2439"]
[Annotator "ChessBase"]
[PlyCount "49"]
[EventDate "2021.03.23"]
[EventType "swiss"]
[EventCountry "RUS"]
[SourceTitle "playchess.com"]
[Source "ChessBase"]
[SourceQuality "1"]
[TimeControl "5400+30"]

1. d4 Nf6 2. c4 g6 3. Nc3 Bg7 4. e4 d6 5. Nf3 O-O 6. Be2 e5 7. O-O Nc6 8. d5 Ne7 9. Nd2 Ne8 10. b4 f5 11. c5 Nf6 12. f3 f4 13. Nc4 g5 14. g4 h5 15. h3 Rf7 16. a4 Bf8 17. Kf2 Ng6 18. Ba3 Rh7 19. Rh1 Be7 20. Qg1 Kg7 21. Ke1 Qh8 22. Kd2 Ne8 23. Nb2 Bd7 24. Nd3 a6 25. Kc2 1/2-1/2

[Event "Chelyabinskiy variant-A 2021"]
[Site "Chelyabinsk"]
[Date "2021.03.29"]
[Round "8.13"]
[White "Sitnikov, Anton"]
[Black "Bryakin, Mikhail"]
[Result "1-0"]
[ECO "B13"]
[WhiteElo "2437"]
[BlackElo "2464"]
[Annotator "ChessBase"]
[PlyCount "133"]
[EventDate "2021.03.23"]
[EventType "swiss"]
[EventCountry "RUS"]
[SourceTitle "playchess.com"]
[Source "ChessBase"]
[SourceQuality "1"]
[TimeControl "5400+30"]

1. e4 c6 2. d4 d5 3. exd5 cxd5 4. Bd3 Nc6 5. c3 Qc7 6. Ne2 Bg4 7. f3 Bd7 8. Na3 a6 9. Qb3 Nf6 10. Bf4 Qc8 11. Nb1 Na5 12. Qc2 Bb5 13. O-O e6 14. Nc1 Be7 15. Qe2 Bxd3 16. Nxd3 h6 17. Bg3 O-O 18. Nd2 Re8 19. Bh4 Nc4 20. Nxc4 Qxc4 21. a3 b5 22. Qd2 Nd7 23. Bxe7 Rxe7 24. Rae1 Rae8 25. f4 f6 26. Re3 Qc8 27. Rfe1 f5 28. g4 Nf6 29. g5 Ne4 30. Qg2 hxg5 31. fxg5 e5 32. Nxe5 Rxe5 33. dxe5 Rxe5 34. h4 Qc5 35. Qf3 g6 36. Qf4 d4 37. b4 Qb6 38. cxd4 Qxd4 39. Kh2 Kg7 40. R1e2 Qd5 41. Rc2 Re7 42. Rce2 Kh7 43. Qf3 Rc7 44. Rxe4 fxe4 45. Qxe4 Qxe4 46. Rxe4 Rc2+ 47. Kg3 Rc3+ 48. Kg4 Rxa3 49. Re7+ Kg8 50. h5 Rb3 51. h6 Rxb4+ 52. Kf3 Rb1 53. Rg7+ Kh8 54. Rxg6 Rg1 55. Kf4 Rf1+ 56. Ke5 Re1+ 57. Kf6 Rf1+ 58. Ke7 Rg1 59. Kf7 b4 60. Rg8+ Kh7 61. Rg7+ Kh8 62. Rg8+ Kh7 63. Rg7+ Kh8 64. g6 Rf1+ 65. Ke8 b3 66. Rf7 Re1+ 67. Kf8 1-0

[Event "Chelyabinskiy variant-A 2021"]
[Site "Chelyabinsk"]
[Date "2021.03.30"]
[Round "9.1"]
[White "Ponkratov, Pavel"]
[Black "Drygalov, Andrey"]
[Result "1-0"]
[ECO "B90"]
[WhiteElo "2619"]
[BlackElo "2500"]
[Annotator "ChessBase"]
[PlyCount "53"]
[EventDate "2021.03.23"]
[EventType "swiss"]
[EventCountry "RUS"]
[SourceTitle "playchess.com"]
[Source "ChessBase"]
[SourceQuality "1"]
[TimeControl "5400+30"]

1. e4 c5 2. Nf3 d6 3. d4 cxd4 4. Nxd4 Nf6 5. Nc3 a6 6. h3 e5 7. Nf3 Be7 8. g4 h6 9. Rg1 Nc6 10. g5 hxg5 11. Nxg5 Qc7 12. Bc4 Nd8 13. Bb3 Ne6 14. Qe2 Nxg5 15. Bxg5 Rxh3 16. Bxf6 Bxf6 17. Nd5 Qa5+ 18. c3 Bd8 19. Rxg7 Be6 20. O-O-O Rc8 21. Kb1 Qc5 22. f4 exf4 23. Nxf4 Re3 24. Qg2 Bxb3 25. axb3 Qe5 26. Qg4 Qxe4+ 27. Ka2 1-0

[Event "Chelyabinskiy variant-A 2021"]
[Site "Chelyabinsk"]
[Date "2021.03.30"]
[Round "9.2"]
[White "Shomoev, Anton"]
[Black "Khanin, Semen"]
[Result "1/2-1/2"]
[ECO "C67"]
[WhiteElo "2563"]
[BlackElo "2506"]
[Annotator "ChessBase"]
[PlyCount "27"]
[EventDate "2021.03.23"]
[EventType "swiss"]
[EventCountry "RUS"]
[SourceTitle "playchess.com"]
[Source "ChessBase"]
[SourceQuality "1"]
[TimeControl "5400+30"]

1. e4 e5 2. Nf3 Nc6 3. Bb5 Nf6 4. O-O Nxe4 5. Re1 Nd6 6. a4 Be7 7. Nc3 e4 8. Nxe4 Nxe4 9. Rxe4 O-O 10. d4 a6 11. Bd3 d5 12. Re3 Bg4 13. c3 Bg5 14. Re1 1/2-1/2

[Event "Chelyabinskiy variant-A 2021"]
[Site "Chelyabinsk"]
[Date "2021.03.30"]
[Round "9.3"]
[White "Lysyj, Igor"]
[Black "Suleymenov, Alisher"]
[Result "1-0"]
[ECO "A65"]
[WhiteElo "2605"]
[BlackElo "2440"]
[Annotator "ChessBase"]
[PlyCount "103"]
[EventDate "2021.03.23"]
[EventType "swiss"]
[EventCountry "RUS"]
[SourceTitle "playchess.com"]
[Source "ChessBase"]
[SourceQuality "1"]
[TimeControl "5400+30"]

1. d4 Nf6 2. c4 c5 3. d5 e6 4. Nc3 exd5 5. cxd5 d6 6. e4 g6 7. h3 Bg7 8. Nf3 O-O 9. Be3 Na6 10. Bxa6 bxa6 11. O-O Re8 12. Qc2 Rb8 13. Rfe1 a5 14. Bf4 Rb4 15. Rad1 Bf5 16. Bg5 Bd7 17. a3 Rb6 18. e5 dxe5 19. Nxe5 h6 20. Bc1 Rd6 21. Bf4 Bf5 22. Qa4 Rb6 23. Nc6 Qd7 24. Qxa5 Rxb2 25. Qxc5 Rc2 26. Be5 Ne4 27. Rxe4 Bf8 28. Qd4 Rxc3 29. Qxc3 Bxe4 30. Qd4 Bf5 31. a4 h5 32. a5 a6 33. Bg3 Re4 34. Qc3 h4 35. Be5 Re2 36. Qf3 Re4 37. Ba1 Bg7 38. Bxg7 Kxg7 39. Qc3+ Kh7 40. Rd4 Qe8 41. Kh2 Kg8 42. Qc4 Rxd4 43. Qxd4 Bd7 44. Ne5 Bf5 45. d6 Qb8 46. Nc6 Qf8 47. Ne7+ Kh7 48. Qxh4+ Kg7 49. Qd4+ f6 50. Nxf5+ gxf5 51. Qa7+ Kg6 52. Qc7 1-0

[Event "Chelyabinskiy variant-A 2021"]
[Site "Chelyabinsk"]
[Date "2021.03.30"]
[Round "9.4"]
[White "Nesterov, Arseniy"]
[Black "Azarov, Sergei"]
[Result "1/2-1/2"]
[ECO "E17"]
[WhiteElo "2476"]
[BlackElo "2604"]
[Annotator "ChessBase"]
[PlyCount "29"]
[EventDate "2021.03.23"]
[EventType "swiss"]
[EventCountry "RUS"]
[SourceTitle "playchess.com"]
[Source "ChessBase"]
[SourceQuality "1"]
[TimeControl "5400+30"]

1. d4 Nf6 2. c4 e6 3. Nf3 b6 4. g3 Bb7 5. Bg2 Be7 6. O-O O-O 7. Re1 a5 8. Bg5 d6 9. Nc3 Ne4 10. Bxe7 Qxe7 11. Qc2 Nxc3 12. Qxc3 Be4 13. Nd2 Bxg2 14. Kxg2 Nd7 15. e4 1/2-1/2

[Event "Chelyabinskiy variant-A 2021"]
[Site "Chelyabinsk"]
[Date "2021.03.30"]
[Round "9.5"]
[White "Fedorov, Alexei"]
[Black "Sitnikov, Anton"]
[Result "1-0"]
[ECO "B02"]
[WhiteElo "2529"]
[BlackElo "2437"]
[Annotator "ChessBase"]
[PlyCount "93"]
[EventDate "2021.03.23"]
[EventType "swiss"]
[EventCountry "RUS"]
[SourceTitle "playchess.com"]
[Source "ChessBase"]
[SourceQuality "1"]
[TimeControl "5400+30"]

1. e4 Nf6 2. Nc3 d6 3. g3 Bg4 4. f3 Bd7 5. d4 e6 6. Be3 d5 7. e5 Ng8 8. f4 Nh6 9. Nf3 b6 10. Bh3 f5 11. exf6 Qxf6 12. g4 Nf7 13. g5 Qd8 14. Qe2 Bb4 15. Bd2 Qe7 16. O-O-O Nd6 17. Nb1 Ne4 18. Bxb4 Qxb4 19. Nbd2 Nxd2 20. Rxd2 Nc6 21. Bxe6 O-O-O 22. Bxd7+ Rxd7 23. Qe6 Qd6 24. Qg4 Kb7 25. Ne5 Re7 26. Re1 Rf8 27. c3 g6 28. Rde2 Rf5 29. Nd3 Rxe2 30. Qxe2 Rf7 31. Qe6 Qxe6 32. Rxe6 Re7 33. Rxe7 Nxe7 34. Ne5 c5 35. dxc5 bxc5 36. Nd7 Kc6 37. Nf6 Kd6 38. Kd2 Ke6 39. Nxh7 Kf5 40. Ke3 d4+ 41. cxd4 Nd5+ 42. Kd3 Nxf4+ 43. Kc4 cxd4 44. Kxd4 Ne2+ 45. Kc4 Ng1 46. Kb5 Nf3 47. Ka6 1-0

[Event "Chelyabinskiy variant-A 2021"]
[Site "Chelyabinsk"]
[Date "2021.03.30"]
[Round "9.6"]
[White "Utegaliyev, Azamat"]
[Black "Makarian, Rudik"]
[Result "1-0"]
[ECO "C65"]
[WhiteElo "2507"]
[BlackElo "2458"]
[Annotator "ChessBase"]
[PlyCount "105"]
[EventDate "2021.03.23"]
[EventType "swiss"]
[EventCountry "RUS"]
[SourceTitle "playchess.com"]
[Source "ChessBase"]
[SourceQuality "1"]
[TimeControl "5400+30"]

1. e4 e5 2. Nf3 Nc6 3. Bb5 Nf6 4. d3 Bc5 5. Bxc6 dxc6 6. Nbd2 Be6 7. Nb3 Bb6 8. Bd2 Qe7 9. Bc3 Nd7 10. Qe2 O-O-O 11. Nfd2 a6 12. Na5 h5 13. Nac4 Ba7 14. a4 Qg5 15. Nf3 Qg6 16. Ne3 f6 17. b4 h4 18. b5 Nb8 19. Rb1 h3 20. g3 axb5 21. axb5 Qe8 22. bxc6 Nxc6 23. Nd2 Qh5 24. Qxh5 Rxh5 25. O-O g6 26. Rfe1 f5 27. exf5 gxf5 28. Rb5 Bd4 29. Bxd4 exd4 30. Ng2 Bd7 31. Nf4 Rh6 32. Nf3 b6 33. Re2 Nb8 34. Rb1 Ba4 35. Rb4 b5 36. Rxd4 Rf8 37. Rd5 Na6 38. Nd4 c5 39. Nxf5 Rhf6 40. Nd6+ Kb8 41. Ne4 Rc6 42. Nxh3 Rfc8 43. c3 b4 44. Nf4 Rb6 45. Rb2 Ka7 46. c4 Bc6 47. Re5 b3 48. h4 Rb4 49. h5 Rcb8 50. Nc3 Kb6 51. Re6 Rc8 52. Nfd5+ Ka5 53. Re1 1-0

[Event "Chelyabinskiy variant-A 2021"]
[Site "Chelyabinsk"]
[Date "2021.03.30"]
[Round "9.7"]
[White "Harutjunyan, Gevorg"]
[Black "Demchenko, Anton"]
[Result "1/2-1/2"]
[ECO "B57"]
[WhiteElo "2439"]
[BlackElo "2610"]
[Annotator "ChessBase"]
[PlyCount "69"]
[EventDate "2021.03.23"]
[EventType "swiss"]
[EventCountry "RUS"]
[SourceTitle "playchess.com"]
[Source "ChessBase"]
[SourceQuality "1"]
[TimeControl "5400+30"]

1. e4 c5 2. Nf3 d6 3. d4 cxd4 4. Nxd4 Nf6 5. Nc3 Nc6 6. Bc4 Bd7 7. h3 e6 8. Be3 Be7 9. Qe2 O-O 10. O-O-O Nxd4 11. Rxd4 a6 12. f4 b5 13. e5 dxe5 14. fxe5 bxc4 15. Rhd1 Nd5 16. Nxd5 exd5 17. Rxd5 Qb8 18. Rxd7 c3 19. b3 Qxe5 20. Qf3 Bg5 21. Bxg5 Qxg5+ 22. Kb1 Rac8 23. Qb7 Rb8 24. Qc6 h5 25. Qf3 Rb5 26. R7d5 Rxd5 27. Qxd5 Qg6 28. Qf3 Rc8 29. Rd3 h4 30. a4 a5 31. Ka2 Kh7 32. Qd5 Kg8 33. Qf3 Kh7 34. Qd5 Kg8 35. Qf3 1/2-1/2

[Event "Chelyabinskiy variant-A 2021"]
[Site "Chelyabinsk"]
[Date "2021.03.30"]
[Round "9.9"]
[White "Frolyanov, Dmitry"]
[Black "Garifullina, Leya"]
[Result "1-0"]
[ECO "E32"]
[WhiteElo "2542"]
[BlackElo "2375"]
[Annotator "ChessBase"]
[PlyCount "61"]
[EventDate "2021.03.23"]
[EventType "swiss"]
[EventCountry "RUS"]
[SourceTitle "playchess.com"]
[Source "ChessBase"]
[SourceQuality "1"]
[TimeControl "5400+30"]

1. d4 Nf6 2. c4 e6 3. Nc3 Bb4 4. Qc2 O-O 5. e4 d5 6. e5 Ne4 7. Bd3 c5 8. Nf3 cxd4 9. Nxd4 Nd7 10. Bf4 Ndc5 11. O-O Bxc3 12. bxc3 Nxd3 13. Qxd3 b6 14. cxd5 Qxd5 15. Rfd1 Bb7 16. c4 Qa5 17. Nb5 Qa4 18. Qb3 Nc5 19. Qxa4 Nxa4 20. Rd7 Nc5 21. Re7 Rfe8 22. Rxe8+ Rxe8 23. Rd1 Ba6 24. Be3 Na4 25. Nc7 Nc3 26. Rd2 Rc8 27. Nxa6 h6 28. c5 Nd5 29. Rc2 Rc6 30. cxb6 Rxc2 31. b7 1-0

[Event "Chelyabinskiy variant-A 2021"]
[Site "Chelyabinsk"]
[Date "2021.03.30"]
[Round "9.10"]
[White "Afanasiev, Nikita"]
[Black "Grachev, Alexey"]
[Result "1/2-1/2"]
[ECO "A49"]
[WhiteElo "2519"]
[BlackElo "2302"]
[Annotator "ChessBase"]
[PlyCount "68"]
[EventDate "2021.03.23"]
[EventType "swiss"]
[EventCountry "RUS"]
[SourceTitle "playchess.com"]
[Source "ChessBase"]
[SourceQuality "1"]
[TimeControl "5400+30"]

1. d4 Nf6 2. Nf3 g6 3. g3 Bg7 4. Bg2 d5 5. O-O O-O 6. c3 Nbd7 7. Bf4 Nh5 8. Bg5 h6 9. Bc1 Nhf6 10. a4 a5 11. Re1 Re8 12. Bf4 Nh5 13. Be3 Nhf6 14. Qc1 Kh7 15. c4 c6 16. Bf4 Nb8 17. Nbd2 Na6 18. Be5 Be6 19. b3 Qb6 20. Qa3 Nb4 21. Rac1 Rac8 22. Qa1 Kg8 23. h3 Red8 24. Red1 Bf5 25. g4 Be6 26. Qb1 h5 27. g5 Ne8 28. Bxg7 Nxg7 29. Qa1 Bf5 30. e3 Bc2 31. Re1 Bf5 32. Red1 Bc2 33. Re1 Bf5 34. Red1 Bc2 1/2-1/2

[Event "Chelyabinskiy variant-A 2021"]
[Site "Chelyabinsk"]
[Date "2021.03.30"]
[Round "9.11"]
[White "Shuvalova, Polina"]
[Black "Borisova, Ekaterina"]
[Result "1-0"]
[ECO "D91"]
[WhiteElo "2476"]
[BlackElo "2256"]
[Annotator "ChessBase"]
[PlyCount "51"]
[EventDate "2021.03.23"]
[EventType "swiss"]
[EventCountry "RUS"]
[SourceTitle "playchess.com"]
[Source "ChessBase"]
[SourceQuality "1"]
[TimeControl "5400+30"]

1. d4 Nf6 2. c4 g6 3. Nc3 d5 4. Nf3 Bg7 5. Bg5 Ne4 6. Bh4 Nxc3 7. bxc3 dxc4 8. Qa4+ Nd7 9. e3 O-O 10. Qxc4 c5 11. Qa4 cxd4 12. cxd4 Qc7 13. Qa3 e5 14. Bg3 Re8 15. Bb5 Qb6 16. Rb1 Bf8 17. Qa4 exd4 18. O-O Nc5 19. Qxd4 Re4 20. Qc3 Be6 21. Bd3 Na4 22. Qf6 Bg7 23. Qxg7+ Kxg7 24. Rxb6 axb6 25. Bxe4 Nc3 26. Be5+ 1-0

[Event "Chelyabinskiy variant-A 2021"]
[Site "Chelyabinsk"]
[Date "2021.03.30"]
[Round "9.12"]
[White "Girya, Olga"]
[Black "Gleizerov, Evgeny"]
[Result "1-0"]
[ECO "D06"]
[WhiteElo "2432"]
[BlackElo "2468"]
[Annotator "ChessBase"]
[PlyCount "105"]
[EventDate "2021.03.23"]
[EventType "swiss"]
[EventCountry "RUS"]
[SourceTitle "playchess.com"]
[Source "ChessBase"]
[SourceQuality "1"]
[TimeControl "5400+30"]

1. d4 d5 2. c4 c5 3. cxd5 Qxd5 4. Nf3 cxd4 5. Nc3 Qa5 6. Nxd4 Nf6 7. a3 g6 8. b4 Qd8 9. Bb2 Bg7 10. e3 O-O 11. Be2 Nbd7 12. O-O Nb6 13. b5 e5 14. Nb3 Be6 15. Nc5 Qc8 16. Nxe6 Qxe6 17. Rc1 Rac8 18. Qc2 Nfd5 19. Qb1 e4 20. Nxd5 Nxd5 21. Bxg7 Kxg7 22. Bc4 Qe5 23. Bxd5 Qxd5 24. Rcd1 Qe6 25. Rd4 Rc4 26. Rxc4 Qxc4 27. Qb2+ f6 28. Rd1 Rf7 29. h3 b6 30. Rd4 Qe6 31. Qb4 Re7 32. a4 Qe5 33. g3 f5 34. Qd2 Qf6 35. h4 Rf7 36. Kg2 Qe5 37. Rd5 Qf6 38. Qc2 Qe6 39. Qc3+ Qf6 40. Qc4 Qe6 41. Qc6 Qe7 42. Rd6 Qe5 43. Rd8 Qf6 44. Qd5 Qc3 45. Qc6 Qf6 46. Qc8 Kh6 47. Qb8 Kg7 48. Rc8 h6 49. Rh8 Qe7 50. Qg8+ Kf6 51. Rxh6 Rg7 52. Qh8 Ke5 53. Rxg6 1-0

[Event "Chelyabinskiy variant-A 2021"]
[Site "Chelyabinsk"]
[Date "2021.03.30"]
[Round "9.13"]
[White "Maltsevskaya, Aleksandra"]
[Black "Gabrielian, Artur"]
[Result "0-1"]
[ECO "B54"]
[WhiteElo "2327"]
[BlackElo "2448"]
[Annotator "NA"]
[PlyCount "46"]
[EventDate "2021.03.23"]
[EventType "swiss"]
[EventCountry "RUS"]
[SourceTitle "playchess.com"]
[Source "ChessBase"]
[SourceQuality "1"]
[TimeControl "5400+30"]

1. e4 c5 2. Nf3 d6 3. d4 cxd4 4. Nxd4 Nf6 5. f3 Nc6 6. c4 Qb6 7. Nc2 g6 8. Nc3 Bg7 9. Nb5 a6 10. Be3 Qa5+ 11. Bd2 Qd8 12. Nc3 O-O 13. Be2 e6 14. Be3 d5 15. cxd5 exd5 16. Nxd5 Nxd5 17. Qxd5 Qh4+ 18. g3 Qf6 19. Kf2 Be6 20. Qc5 Rac8 21. Nb4 Ne5 22. Qb6 Ng4+ 23. Kg2 Qxb2 0-1